 Dungeon Crawl Stone Soup version 0.31.0-32-g396128a36d (webtiles) character file.

Game seed: 13055532324713214488

410561 Gabide the Devastator (level 21, 0/170 (185) HPs)
             Began as a Demigod Conjurer on Apr 13, 2024.
             Killed by a resonance strike
             ... invoked by a ragged hierophant
              (23 damage)
             ... in the Desolation of Salt on Apr 15, 2024.
             The game lasted 03:25:12 (68151 turns).

Gabide the Devastator (Demigod Conjurer)           Turns: 68151, Time: 03:25:13

HP:   0/170 (185)   AC: 17    Str: 10    XL:     21   Next: 50%
MP:   41/59         EV: 17    Int: 56    God:
Gold: 1567          SH:  0    Dex: 12    Spells: 11/57 levels left

rFire   + . .        a - staff of Danwusaw {rF+ Str+2 SInv Stlth- Conj Tloc}
rCold   + . .        T - orb of Understanding {*Rage, rC+ Int+6}
rNeg    . . .        F - +5 steam dragon scales
rPois   +            t - +0 mask of the Dragon {Will+ Slay+3 SInv}
rElec   +            u - +2 cloak {rCorr}
rCorr   +            L - +2 pair of gloves
SInv    +            n - +0 pair of boots of the Poles {*Corrode rElec Int+2}
Will    +++..        W - amulet of magic regeneration
Stlth   +            I - ring of magical power
HPRegen 0.48/turn    v - ring of poison resistance
MPRegen 0.76/turn

%: random rage (20%), corrode self (3%)
@: studying Maces & Flails, drained
A: high MP 1, forlorn, divine attributes
}: 2/15 runes: barnacled, gossamer
a: no special abilities


You were in the Desolation of Salt.
You visited 9 branches of the dungeon, and saw 40 of its levels.
You also visited: Ossuary, Wizlab and Desolation.

You collected 5378 gold pieces.
You spent 3811 gold pieces at shops.

Inventory:

Hand Weapons
 b - a +9 dagger of electrocution
 p - the +2 long sword of the Moon {elec, rF+ rC+ rN+}
   (You found it on level 2 of the Lair of Beasts)

   rF+:       It protects you from fire.
   rC+:       It protects you from cold.
   rN+:       It protects you from negative energy.
 w - the +8 mithril axe "Arga" {speed, Will+}
   (You took it off a deep elf sorcerer on level 3 of the Elven Halls)

   Will+:     It increases your willpower.
Missiles
 N - 5 curare-tipped darts
 Q - 3 throwing nets
Armour
 m - a +1 pair of boots
 n - the +0 pair of boots of the Poles (worn) {*Corrode rElec Int+2}
   (You found it on level 4 of the Spider Nest)

   Int+2:     It affects your intelligence (+2).
   rElec:     It insulates you from electricity.
   *Corrode:  It may corrode you when you take damage.
 t - the +0 mask of the Dragon (worn) {Will+ Slay+3 SInv}
   (You found it on level 3 of the Depths)

   Slay+3:    It affects your accuracy & damage with ranged weapons and melee
   (+3).
   Will+:     It increases your willpower.
   SInv:      It lets you see invisible.
 u - a +2 cloak of preservation (worn)
 D - +1 shadow dragon scales
 F - +5 steam dragon scales (worn)
 L - a +2 pair of gloves (worn)
 T - the orb of Understanding (worn) {*Rage, rC+ Int+6}
   (You found it in the Desolation of Salt)

   Int+6:     It affects your intelligence (+6).
   rC+:       It protects you from cold.
Magical Staves
 a - the staff of Danwusaw (weapon) {rF+ Str+2 SInv Stlth- Conj Tloc}
   (You found it on level 3 of the Elven Halls)

   [staff of conjuration]

   Base accuracy: +5 Base damage: 5 Base attack delay: 1.2 This weapon's minimum
   attack delay (0.6) is reached at skill level 12.
   Str+2:     It affects your strength (+2).
   rF+:       It protects you from fire.
   SInv:      It lets you see invisible.
   Stlth-:    It makes you less stealthy.
   Conj:      It increases the power of your Conjurations spells.
   Tloc:      It increases the power of your Translocations spells.
   It falls into the 'Staves' category.
   It is a one-handed weapon.
 r - the staff of the Tundras {*Corrode rElec rC++ Air}
   (You found it on level 4 of the Shoals)

   [staff of air]

   Base accuracy: +5 Base damage: 5 Base attack delay: 1.2 This weapon's minimum
   attack delay (0.6) is reached at skill level 12.
   rC++:      It greatly protects you from cold.
   rElec:     It insulates you from electricity.
   *Corrode:  It may corrode you when you take damage.
   Air:       It increases the power of your Air spells.
   It falls into the 'Staves' category.
   It is a one-handed weapon.
Jewellery
 c - the ring "Omubumn" {Fire rCorr Int+3 Stlth+}
   (You found it in the Desolation of Salt)

   [ring of fire]

   Fire:      It enhances your fire magic.
   Int+3:     It affects your intelligence (+3).
   rF+:       It protects you from fire.
   rC-:       It makes you vulnerable to cold.
   rCorr:     It protects you from acid and corrosion.
   Stlth+:    It makes you more stealthy.
 s - the ring "Vango" {AC+4 SInv}
   (You took it off a deep elf sorcerer on level 3 of the Elven Halls)

   [ring of protection]

   AC+4:      It affects your AC (+4).
   SInv:      It lets you see invisible.
 v - a ring of poison resistance (right hand)
 A - a ring of protection from cold
 E - the ring of the Slimy Fig {rPois rC+ rN+}
   (You found it in the Desolation of Salt)

   [ring of poison resistance]

   rC+:       It protects you from cold.
   rPois:     It protects you from poison rN+: It protects you from negative
   energy.
 I - a ring of magical power (left hand)
 S - the ring "Quczagro" {rElec rF- rN+++ MP+9 Int-3}
   (You found it on level 5 of the Lair of Beasts)

   [ring of magical power]

   Int-3:     It affects your intelligence (-3).
   rF-:       It makes you vulnerable to fire.
   rElec:     It insulates you from electricity.
   rN+++:     It renders you almost immune to negative energy.
   MP+9:      It affects your magic capacity (+9).
 U - the ring of Wutt {rF+ Will+ Str+3 Int-3 Dex+3}
   (You bought it in a shop on level 2 of the Elven Halls)

   [ring of protection from fire]

   Str+3:     It affects your strength (+3).
   Int-3:     It affects your intelligence (-3).
   Dex+3:     It affects your dexterity (+3).
   rF+:       It protects you from fire.
   Will+:     It increases your willpower.
 W - an amulet of magic regeneration (around neck)
Wands
 d - a wand of acid (23)
 x - a wand of roots (19)
 R - a wand of digging (21)
Scrolls
 g - 5 scrolls of teleportation
 k - 7 scrolls of immolation
 y - 2 scrolls of summoning
 H - 2 scrolls of revelation
 K - 7 scrolls of fog
 O - 2 scrolls of amnesia
 P - 27 scrolls of identify
 V - 3 scrolls of poison
 X - 2 scrolls of fear
 Y - 4 scrolls of blinking
Potions
 e - 6 potions of ambrosia
 f - a potion of magic
 h - 13 potions of enlightenment
 j - 4 potions of cancellation
 l - 12 potions of curing
 o - 6 potions of haste
 q - 11 potions of lignification
 B - 3 potions of resistance
 C - 2 potions of brilliance
 G - 3 potions of might
 J - 9 potions of mutation
 M - 2 potions of invisibility
 Z - 2 potions of berserk rage
Miscellaneous
 i - a phantom mirror


   Skills:
 + Level 15.6 Fighting
 + Level 12.8 Dodging
 - Level 3.0 Stealth
 * Level 18.8 Spellcasting
 * Level 19.0 Conjurations
 * Level 19.0 Air Magic


You had 11 spell levels left.
You knew the following spells:

 Your Spells              Type           Power      Damage    Failure   Level
a - Magic Dart            Conj           100%       1d8       0%          1
b - Conjure Ball Lightni  Conj/Air       79%        3x3d30    0%          6
c - Hailstorm             Conj/Ice       100%       3d16      0%          3
d - Iskenderun's Mystic   Conj/Tloc      100%       2d19      1%          4
e - Blink                 Tloc           100%       N/A       1%          2
f - Fulminant Prism       Conj/Alch      63%        3d26      1%          4
g - Airstrike             Air            66%        2d(10-26) 0%          4
h - Sublimation of Blood  Necr           51%        N/A       1%          2
i - Irradiate             Conj/Alch      63%        3d32      1%          5
j - Maxwell's Capacitive  Air            66%        ∞         1%          8
k - Orb of Destruction    Conj           79%        9d18      1%          7

Your spell library contained the following spells:

 Spells                   Type           Power      Damage    Failure   Level
 Kiss of Death            Conj/Necr      100%       2d13      0%          1
 Shock                    Conj/Air       100%       1d9       0%          1
 Sting                    Conj/Alch      100%       1d9       0%          1
 Momentum Strike          Conj/Tloc      100%       3d10      0%          2
 Searing Ray              Conj           100%       2d8       0%          2
 Static Discharge         Conj/Air       100%       3-8/arc   0%          2
 Dazzling Flash           Conj/Hex       100%       N/A       0%          3
 Mephitic Cloud           Conj/Alch/Air  100%       N/A       0%          3
 Swiftness                Air            100%       N/A       0%          3
 Iskenderun's Battlesphe  Conj           100%       2d15      0%          5
 Freeze                   Ice            100%       1d10      1%          1
 Sandblast                Erth           100%       2d20      1%          1
 Slow                     Hex            100%       N/A       1%          1
 Cigotuvi's Dreadful Rot  Necr/Alch/Air  100%       N/A       1%          2
 Jinxbite                 Hex            100%       N/A       1%          2
 Lesser Beckoning         Tloc           100%       N/A       1%          2
 Scorch                   Fire           100%       2d9       1%          2
 Call Canine Familiar     Summ           51%        N/A       1%          3
 Confusing Touch          Hex            51%        N/A       1%          3
 Frozen Ramparts          Ice            100%       1d16      1%          3
 Gell's Gravitas          Tloc           68%        N/A       1%          3
 Sigil of Binding         Hex            51%        N/A       1%          3
 Summon Ice Beast         Ice/Summ       51%        N/A       1%          3
 Teleport Other           Tloc           68%        N/A       1%          3
 Tukima's Dance           Hex            51%        N/A       1%          3
 Vampiric Draining        Necr           51%        2d9       1%          3
 Volatile Blastmotes      Fire/Tloc      100%       2d18      1%          3
 Brom's Barrelling Bould  Conj/Erth      100%       2d11      1%          4
 Flame Wave               Conj/Fire      100%       2d21      1%          4
 Summon Lightning Spire   Summ/Air       100%       N/A       1%          4
 Fireball                 Conj/Fire      63%        3d24      1%          5
 Silence                  Hex/Air        51%        N/A       1%          5
 Bombard                  Conj/Erth      63%        9d10      1%          6
 Starburst                Conj/Fire      63%        6d17      1%          6
 Animate Armour           Summ/Erth      100%       N/A       2%          4
 Cause Fear               Hex            25%        N/A       2%          4
 Dimensional Bullseye     Hex/Tloc       34%        N/A       2%          4
 Dispel Undead            Necr           51%        3d19      2%          4
 Manifold Assault         Tloc           68%        N/A       2%          4
 Martyr's Knell           Necr/Summ      51%        N/A       2%          4
 Passage of Golubria      Tloc           68%        N/A       2%          4
 Petrify                  Alch/Erth      51%        N/A       2%          4
 Spellforged Servitor     Conj/Summ      63%        N/A       4%          7
 Curse of Agony           Necr           51%        N/A       7%          5
 Lee's Rapid Deconstruct  Erth           25%        3d14*     7%          5
 Summon Mana Viper        Hex/Summ       51%        N/A       7%          5
 Yara's Violent Unravell  Hex/Alch       25%        3d11      7%          5
 Death Channel            Necr           25%        N/A       36%         6
 Summon Cactus Giant      Summ           25%        N/A       36%         6
 Enfeeble                 Hex            25%        N/A       90%         7
 Malign Gateway           Summ/Tloc      34%        N/A       90%         7
 Monstrous Menagerie      Summ           25%        N/A       90%         7
 Borgnjor's Revivificati  Necr           25%        N/A       100%        8
 Summon Horrible Things   Summ           25%        N/A       100%        8


Dungeon Overview and Level Annotations

Branches:
Dungeon (15/15)            Temple (1/1) D:5            Lair (5/5) D:9
 Shoals (4/4) Lair:2       Spider (4/4) Lair:3        Slime (0/5) Lair:5
    Orc (2/2) D:12            Elf (3/3) Orc:2        Vaults (2/5) D:14
 Depths (4/4) D:15            Zot (0/5) Depths:4    Ossuary (visited)
 WizLab (visited)         Desolation (1/1)
  Crypt: Vaults:2-3

Shops:
D:1 ==![   Orc:2 =[(!   Elf:2 :***?   Elf:3 (   Depths:1 (   Depths:3 :

Portals:
Hell: Depths:1 Depths:2 Depths:3 Depths:4
Abyss: Depths:1 Depths:3 Depths:4
Pandemonium: Depths:2 Depths:3
Ziggurat: Depths:3

Annotations:
D:10 3 runed translucent doors
Spider:1 Nikola
Depths:1 2 transporters, Soesill's ghost, adept DgCj


Innate Abilities, Weirdness & Mutations

You have an increased reservoir of magic. (+10% MP)
You shall have no god before yourself.
Your divine heritage dramatically boosts your attributes as you level up.


Message History

The saltling is moderately damaged.
The saltling hits you!
* * * LOW HITPOINT WARNING * * *
Okay, then.
Unknown command.
Casting: Iskenderun's Mystic Blast (safe; 1% risk of failure)
Confirm with . or Enter, or press ? or * to list all spells.
You feel a surge of power!
You blink.
The saltling misses you.
Okay, then.
Unknown command.
Unknown command.
Press: ? - help, v - describe, . - travel
Here: a ragged hierophant, wielding a +0 rapier, wearing a +0 robe and wearing the ring "Uxteskour" {rElec rC- Will+++ EV+5 Str+2} The floor.
Unknown command.
Unknown command.
Blink to where?
Press: ? - help, Dir - move target, p - saltling
As you read the scroll of blinking, it crumbles to dust.
Press: ? - help, v - describe, . - travel
Here: a ragged hierophant, wielding a +0 rapier, wearing a +0 robe and wearing the ring "Uxteskour" {rElec rC- Will+++ EV+5 Str+2} The floor.
Unknown command.
Unknown command.
Unknown command.
You are too injured to fight recklessly!
Aiming: Orb of Destruction (mildly dangerous; 1% risk of failure)
Press: ? - help, Q - select action, (/) - cycle Shift-Dir - straight line, f - saltling
Aim: a saltling (moderately damaged)
You feel a surge of power!
You feel ready to blink again.
The orb of destruction hits the saltling!!!!
You blow up the saltling!
Aiming: Orb of Destruction (mildly dangerous; 1% risk of failure)
Press: ? - help, Q - select action, (/) - cycle Shift-Dir - straight line, f - saltling
Aim: a saltling (magical condensation, severely damaged)
You feel a surge of power!
The ragged hierophant casts a spell at you.
A blast of power from the earth and your orb of destruction strikes you!
You die...

#################################
#################################
#################################
#################################
#################################
#################################
#################################
........§.a.9○.*@................
............9...§§§§.........#...
§.............§§§§§§#............
...§9.......§§§§§§...............
§§..§§.......§§§...#.............
§§§§§§......§§§..................
.§.§§§§....§§§§..................
§§#..§.....§§§§§.................
.............................##..


You could see a ragged hierophant and 2 saltlings.

Vanquished Creatures
  Vv (Depths:2)
  Bai Suzhen (Depths:2)
  2 antique champions (WizLab)
  5 caustic shrikes
  Jory (Depths:3)
  A bone dragon (Depths:4)
  Jorgrun (Elf:2)
  6 liches
  Mlioglotl (Spider:3)
  Zenata (Vaults:1)
  A deep elf blademaster (Elf:3)
  Asterion (Spider:1)
  2 deep elf master archers (Elf:3)
  Polyphemus (Shoals:3)
  A kraken (Shoals:3)
  2 sphinxes
  3 ancient champions
  Agnes (D:14)
  The ghost of sangerfol the Warrior, an adept FoFi of Hepliaklqana (Shoals:1)
  A tengu reaver (Depths:2)
  2 storm dragons
  A shadow dragon (Depths:4)
  Aizul (Spider:1)
  3 fire giants
  5 frost giants
  Roxanne (D:14)
  A balrug (Depths:3)
  An iron dragon (Depths:2)
  A draconian shifter (Depths:4)
  2 imperial myrmidons (Desolation)
  2 ghost moths
  Louise (D:15)
  10 deep elf sorcerers
  4 vault wardens (Vaults:1)
  An angel (Shoals:3)
  A spriggan defender (Depths:3)
  An emperor scorpion (Spider:2)
  2 deep elf elementalists (Elf:3)
  A ghoul (WizLab)
  3 ironbound preservers (Vaults:1)
  15 stone giants
  2 broodmothers
  8 very ugly things
  An apis (Shoals:4)
  6 deep elf demonologists (Elf:3)
  3 deep elf death magi (Elf:3)
  2 vampire knights
  2 ironbound thunderhulks (Vaults:1)
  10 deep elf annihilators
  A green draconian (Depths:4)
  A dire elephant (Spider:2)
  A black draconian (Depths:4)
  3 spark wasps
  A white draconian (Depths:4)
  A red draconian (Depths:4)
  4 purple draconians (Depths:4)
  3 halazid warlocks (Desolation)
  A blizzard demon (Depths:2)
  An eidolon (Depths:3)
  A crystal guardian (Desolation)
  A green death (Depths:3)
  14 merfolk impalers
  3 ettins
  Josephine (D:12)
  10 fire dragons
  9 ragged hierophants (Desolation)
  A great orb of eyes (Vaults:1)
  6 jiangshi (WizLab)
  4 merfolk javelineers (Shoals:4)
  The ghost of Gloo1 the Cleaver, a journeyman MiBe of Trog (Orc:2)
  3 deep elf high priests (Elf:3)
  8 entropy weavers
  4 rakshasas
  6 peacekeepers (Desolation)
  3 servants of whispers
  4 vault guards
  9 ice dragons
  A hell beast (Depths:3)
  2 yaktaur captains (Vaults:1)
  2 spriggan air magi
  A juggernaut simulacrum (WizLab)
  6 hydras
  3 ironbound frosthearts (Vaults:1)
  Fannar (D:10)
  An ogre mage (D:15)
  6 jorogumos
  13 centaur warriors
  4 catoblepae
  3 merfolk avatars
  A radroach (Spider:3)
  4 merfolk aquamancers
  2 satyrs
  29 dancing weapons
  5 two-headed ogres
  9 boulder beetles
  18 death yaks
  4 deep troll earth magi (Depths:1)
  6 tengu warriors
  A vampire mage (Depths:1)
  2 alligator snapping turtles (Shoals:4)
  5 demonic crawlers
  An orc high priest (Elf:1)
  4 spriggan berserkers
  9 occultists
  7 deep troll shamans
  30 deep elf knights
  A titan skeleton (Depths:1)
  6 spriggans
  11 hell knights (Depths:4)
  5 skysharks
  6 iron trolls
  Amaemon (D:8)
  4 skeletal warriors
  4 sea snakes
  7 pharaoh ants
  2 cherubim (Shoals:4)
  3 glowing orange brains
  24 deep trolls
  8 orb spiders
  A spriggan simulacrum (Depths:2)
  5 arcanists
  2 flayed ghosts (Depths:2)
  2 sun moths
  A golden dragon zombie (WizLab)
  5 ironbound convokers
  4 phantasmal warriors
  6 lindwurms (Vaults:1)
  14 harpies
  A golden dragon skeleton (Depths:1)
  6 necromancers
  14 deep elf archers
  An orb spider (shapeshifter) (Depths:4)
  35 deep elf pyromancers
  3 orc knights (Orc:2)
  11 steelbarb worms
  35 deep elf zephyrmancers
  13 manticores
  14 wolf spiders
  15 cyclopes
  8 ugly things
  A frost giant skeleton (Depths:2)
  6 moths of wrath
  16 fauns
  An iron dragon skeleton (Depths:1)
  9 elephants
  A fire giant skeleton (Depths:2)
  8 merfolk sirens
  3 meliai (Spider:2)
  An orange demon (D:8)
  6 water nymphs
  4 kobold blastminers (Orc:2)
  4 black mambas
  7 torpor snails
  12 cane toads
  4 vault sentinels
  3 guardian serpents (Desolation)
  A storm dragon simulacrum (WizLab)
  Maggie (D:9)
  4 unseen horrors
  A gargoyle (D:14)
  8 tengu conjurers
  A kobold demonologist (D:11)
  5 rime drakes
  2 efreet (D:14)
  15 komodo dragons
  22 yaktaurs (Vaults:1)
  7 trolls
  2 ice devils (D:11)
  18 merfolk
  A troll (shapeshifter) (D:15)
  3 polar bears
  A golden dragon simulacrum (WizLab)
  45 saltlings
  12 tarantellas
  7 hornets
  10 blink frogs
  2 ettin zombies (WizLab)
  2 glass eyes
  10 snapping turtles
  A stone giant simulacrum (WizLab)
  2 wind drakes (Shoals:1)
  A raiju (Spider:2)
  A blink frog (shapeshifter) (D:15)
  11 dream sheep
  A slime creature (shapeshifter) (Depths:4)
  2 frost giant simulacra (Depths:1)
  36 slime creatures
  18 jumping spiders
  2 air elementals (Elf:1)
  16 culicivoras
  Sigmund (D:2)
  6 wyverns
  2 vampires (WizLab)
  10 water elementals
  60 yaks
  6 wraiths
  8 humans (D:14)
  3 fire elementals
  8 basilisks
  4 wargs
  37 redbacks
  A steam dragon (D:8)
  A deep troll zombie (WizLab)
  11 vampire mosquitoes
  A two-headed ogre zombie (WizLab)
  16 water moccasins
  2 sky beasts
  32 orc warriors
  3 ice beasts
  2 laughing skulls (D:14)
  A tengu (D:7)
  10 ogres
  12 wolves
  21 centaurs
  An elf zombie (Ossuary)
  A cyclops zombie (WizLab)
  2 gnoll sergeants
  4 kobold brigands
  A weeping skull (Ossuary)
  10 bullfrogs
  3 earth elementals
  2 two-headed ogre simulacra (WizLab)
  2 scorpions (D:5)
  4 wights (D:7)
  2 burial acolytes (Ossuary)
  2 cyclops skeletons (WizLab)
  A killer bee (D:8)
  6 electric eels
  8 howler monkeys
  A centaur zombie (Ossuary)
  6 lava snakes (Lair:2)
  2 human zombies (Ossuary)
  3 bombardier beetles
  3 hounds
  A jelly (D:8)
  13 orc priests
  A sleepcap (D:6)
  3 gnoll boudas
  7 iguanas
  15 orc wizards
  2 scorpion zombies (D:7)
  6 hound zombies (Ossuary)
  2 mummies (Ossuary)
  A howler monkey skeleton (D:7)
  4 adders
  16 gnolls
  2 ribbon worms (D:2)
  3 dart slugs
  69 orcs
  4 bats
  7 endoplasms
  4 giant cockroaches
  2 gnoll zombies (Ossuary)
  8 goblins
  7 hobgoblins
  13 jackals
  2 quokkas
  8 ball pythons
  7 frilled lizards
  20 kobolds
  An orc zombie (Ossuary)
  6 rats
  3 tentacles (Shoals:3)
1606 creatures vanquished.

Vanquished Creatures (collateral kills)
  A dire elephant (Spider:2)
  A two-headed ogre (Orc:2)
  A demonic crawler (Spider:4)
  An orb spider (Spider:2)
  2 water nymphs (Shoals:2)
  A tarantella (Spider:3)
  A jumping spider (Spider:2)
  2 redbacks
10 creatures vanquished.

Vanquished Creatures (others)
  A merfolk aquamancer (Shoals:4)
  A deep elf knight (Elf:2)
  A deep elf pyromancer (Elf:1)
  A human (D:14)
  30 fulminant prisms
  76 tentacles
110 creatures vanquished.

Grand Total: 1726 creatures vanquished

Notes
Turn   | Place    | Note
-------+----------+-------------------------------------------
     0 | D:1      | Gabide the Demigod Conjurer began the quest for the Orb.
     0 | D:1      | Reached XP level 1. HP: 14/14 MP: 5/5
    61 | D:1      | Found Cebir's Armour Shop.
    63 | D:1      | Found Ceegrod's Distillery.
   206 | D:1      | Reached XP level 2. HP: 22/22 MP: 2/7
   209 | D:1      | Learned a level 2 spell: Searing Ray
   338 | D:1      | Found Cuduukat's Jewellery Shop.
   742 | D:1      | Found Icwip's Jewellery Boutique.
  1114 | D:2      | Reached XP level 3. HP: 27/27 MP: 3/8
  1359 | D:2      | Reached skill level 1 in Fighting
  1824 | D:2      | Noticed Sigmund
  1830 | D:2      | Killed Sigmund
  1831 | D:2      | Reached XP level 4. HP: 36/36 MP: 2/11
  1831 | D:2      | Reached XP level 5. HP: 41/41 MP: 2/12
  3162 | D:4      | Reached XP level 6. HP: 48/48 MP: 7/13
  3322 | D:4      | Reached skill level 5 in Conjurations
  3621 | D:1      | Bought a +0 pair of boots for 45 gold pieces
  4335 | D:5      | Entered Level 5 of the Dungeon
  4407 | D:5      | Reached XP level 7. HP: 45/56 MP: 10/16
  5179 | D:1      | Bought a +1 cloak of preservation for 165 gold pieces
  5330 | D:5      | Reached skill level 5 in Spellcasting
  5412 | D:5      | Found a staircase to the Ecumenical Temple.
  5541 | Temple   | Entered the Ecumenical Temple
  5788 | D:6      | Learned a level 3 spell: Hailstorm
  5932 | D:6      | Reached XP level 8. HP: 63/63 MP: 8/20
  7155 | D:7      | Found a sand-covered staircase.
  7166 | Ossuary  | Entered an ossuary
  8515 | D:7      | Reached XP level 9. HP: 70/71 MP: 10/23
  8520 | D:7      | Learned a level 4 spell: Iskenderun's Mystic Blast
  9075 | D:7      | Noticed Joseph
  9080 | D:7      | Joseph changed into Joseph the tengu
  9080 | D:7      | Noticed Joseph
  9082 | D:7      | Killed Joseph the tengu
  9304 | D:8      | Reached skill level 5 in Fighting
  9700 | D:8      | Noticed an orange demon
  9702 | D:8      | Noticed Amaemon
  9708 | D:8      | Killed an orange demon
  9709 | D:8      | Killed Amaemon
  9710 | D:8      | Reached XP level 10. HP: 78/81 MP: 5/26
 10099 | D:1      | Bought a ring of magical power for 280 gold pieces
 10517 | D:8      | Noticed a centaur warrior
 10538 | D:8      | Killed a centaur warrior
 10908 | D:9      | You fall into a shaft and drop 3 floors!
 11103 | D:12     | Noticed a centaur warrior
 11443 | D:11     | Identified the +10 chain mail "Juugh" {Harm +Blink rN+
                  | Int-5}
 11748 | D:11     | Noticed a cyclops
 11761 | D:11     | Killed a cyclops
 11934 | D:11     | Reached skill level 10 in Conjurations
 12120 | D:11     | Reached XP level 11. HP: 91/91 MP: 27/29
 12251 | D:10     | Entered Level 10 of the Dungeon
 12260 | D:10     | Found a runed translucent gate.
 12260 | D:10     | Found a runed translucent gate.
 12260 | D:10     | Found a runed translucent gate.
 12260 | D:10     | Noticed a glowing orange brain
 12268 | D:10     | Noticed an eight-headed hydra
 12270 | D:10     | a water nymph changed into a two-headed ogre
 12270 | D:10     | Noticed a two-headed ogre (glowing shapeshifter)
 12278 | D:10     | Killed an eight-headed hydra
 12356 | D:10     | Noticed Fannar
 12369 | D:10     | Killed Fannar
 12370 | D:10     | Reached skill level 10 in Spellcasting
 12547 | D:9      | Found a staircase to the Lair.
 12617 | D:9      | Noticed Maggie
 12621 | D:9      | Killed Maggie
 13432 | D:10     | a manticore changed into a shock serpent
 13432 | D:10     | Noticed a shock serpent (glowing shapeshifter)
 13433 | D:10     | a shock serpent changed into a mana viper
 13433 | D:10     | Noticed a mana viper (glowing shapeshifter)
 14661 | D:10     | Noticed a death drake
 14664 | D:10     | a death drake changed into a lindwurm
 14664 | D:10     | Noticed a lindwurm (glowing shapeshifter)
 14665 | D:10     | a lindwurm changed into a culicivora
 14879 | D:10     | Reached skill level 5 in Dodging
 15034 | D:10     | Noticed a death drake
 15039 | D:10     | a death drake changed into a glowing orange brain
 15039 | D:10     | Noticed a glowing orange brain (glowing shapeshifter)
 15324 | Lair:1   | Entered Level 1 of the Lair of Beasts
 16637 | Lair:2   | Found a staircase to the Shoals.
 16647 | Lair:2   | Reached XP level 12. HP: 46/101 MP: 12/31
 16650 | Lair:2   | HP: 4/101 [merfolk/+0 trident (21)]
 17307 | Lair:2   | Identified the +2 long sword of the Moon {elec, rF+ rC+
                  | rN+}
 18360 | Lair:3   | Learned a level 2 spell: Blink
 18545 | Lair:3   | Found a hole to the Spider Nest.
 18995 | Lair:3   | Identified the +1 falchion "Imp's Death" {flame, rPois
                  | Will+}
 19796 | Lair:4   | Reached XP level 13. HP: 111/111 MP: 20/34
 20635 | Lair:5   | Entered Level 5 of the Lair of Beasts
 21807 | Lair:5   | Found a staircase to the Slime Pits.
 22209 | Lair:5   | Reached skill level 10 in Fighting
 22978 | Lair:5   | Identified the ring "Quczagro" {rElec rF- rN+++ MP+9 Int-3}
 23376 | D:12     | Noticed Josephine
 23525 | D:11     | Reached XP level 14. HP: 106/121 MP: 33/36
 23571 | D:12     | Killed Josephine
 23828 | D:12     | Found a staircase to the Orcish Mines.
 25833 | D:14     | Noticed Roxanne
 25933 | Orc:1    | Entered Level 1 of the Orcish Mines
 26491 | Orc:2    | Entered Level 2 of the Orcish Mines
 26496 | Orc:2    | Noticed Gloo1's ghost (journeyman MiBe)
 26731 | Orc:2    | Found a staircase to the Elven Halls.
 28146 | Orc:2    | Found a transporter.
 28153 | Orc:2    | Found a transporter.
 28209 | Orc:2    | Found Keri's Armour Emporium.
 28209 | Orc:2    | Found Imoacv Areo's Weapon Shop.
 28211 | Orc:2    | Found Bifyaquc's Distillery.
 28213 | Orc:2    | Found Kusm's Jewellery Shoppe.
 28713 | Shoals:1 | Entered Level 1 of the Shoals
 28758 | Shoals:1 | Identified the +0 sling "Highio" {freeze, rPois rF+ Str+4
                  | Stlth+}
 29278 | Shoals:1 | Noticed sangerfol's ghost (adept FoFi)
 29281 | Shoals:1 | Found a runed translucent door.
 29448 | Shoals:1 | Noticed a kraken
 29918 | Shoals:1 | Reached skill level 15 in Conjurations
 30053 | Shoals:1 | Killed sangerfol's ghost
 30342 | Shoals:2 | Reached XP level 15. HP: 104/129 MP: 26/39
 30956 | Shoals:2 | Reached skill level 15 in Spellcasting
 31719 | Shoals:3 | Reached skill level 1 in Air Magic
 33175 | Shoals:3 | Noticed a kraken
 33243 | Shoals:3 | Learned a level 4 spell: Fulminant Prism
 33248 | Shoals:3 | Learned a level 4 spell: Airstrike
 33271 | Shoals:3 | Noticed Polyphemus
 33284 | Shoals:3 | Killed Polyphemus
 33846 | Shoals:3 | Killed a kraken
 33955 | Shoals:4 | Entered Level 4 of the Shoals
 35935 | Shoals:3 | Reached XP level 16. HP: 92/141 MP: 13/41
 36472 | Shoals:4 | Reached skill level 5 in Air Magic
 36826 | Shoals:4 | Identified the +11 quick blade of the Crawling Thing
                  | {distort, rN+}
 36828 | Shoals:4 | Identified the staff of the Tundras {*Corrode rElec rC++
                  | Air}
 37109 | Shoals:4 | Got a barnacled rune of Zot
 37707 | Spider:1 | Entered Level 1 of the Spider Nest
 37972 | Spider:1 | Learned a level 2 spell: Sublimation of Blood
 37978 | Spider:1 | Learned a level 5 spell: Irradiate
 38570 | Spider:1 | Noticed Asterion
 38585 | Spider:1 | Noticed an Executioner
 38599 | Spider:1 | Killed Asterion
 38772 | Spider:1 | Identified the serpent talisman of Vexation {Int+4}
 38772 | Spider:1 | Noticed Aizul
 38778 | Spider:1 | Killed Aizul
 38790 | Spider:1 | Learned a level 4 spell: Summon Lightning Spire
 38858 | Spider:1 | Noticed Nikola
 38871 | Spider:1 | Reached skill level 10 in Dodging
 38960 | Spider:1 | You fall into a shaft and drop 1 floor!
 42277 | Spider:3 | Noticed Mlioglotl
 42288 | Spider:3 | Killed Mlioglotl
 42289 | Spider:3 | Reached XP level 17. HP: 88/149 MP: 9/43
 42539 | Spider:4 | Entered Level 4 of the Spider Nest
 43043 | Spider:4 | HP: 2/150 [steelbarb worm (16)]
 45178 | Spider:4 | Identified the +1 longbow "Uxko" {flame, rC+ Stlth+}
 45203 | Spider:4 | Got a gossamer rune of Zot
 45234 | Spider:4 | Identified the +0 pair of boots of the Poles {*Corrode
                  | rElec Int+2}
 45885 | Elf:1    | Entered Level 1 of the Elven Halls
 46350 | Orc:2    | Killed Gloo1's ghost
 46756 | Elf:1    | Got the Vellum of Energy
 48460 | Elf:2    | Found Miugar's Assorted Antiques.
 48495 | Elf:2    | Bought a potion of magic for 200 gold pieces
 48889 | Elf:2    | Identified the +0 short sword of Indomitability {freeze,
                  | rF+}
 48931 | Elf:2    | Noticed Jorgrun
 48932 | Elf:2    | Found Qapritie's Magic Scroll Shoppe.
 48940 | Elf:2    | Killed Jorgrun
 48941 | Elf:2    | Reached XP level 18. HP: 144/159 MP: 20/45
 49056 | Elf:2    | Found a magical portal.
 49062 | WizLab   | Entered Zonguldrok's Shrine
 49317 | WizLab   | Reached skill level 10 in Air Magic
 49874 | WizLab   | Identified the +0 double sword of Disgust {pain, +Blink
                  | rPois rF-}
 49874 | WizLab   | Noticed an antique champion
 49874 | WizLab   | Noticed an antique champion
 49883 | WizLab   | Killed an antique champion
 49884 | WizLab   | Killed an antique champion
 49951 | WizLab   | Identified the +1 plate armour "Bakiorot" {rPois rC- Dex+4
                  | Stlth+}
 49981 | WizLab   | Got the Almanac of Resurrection
 49985 | WizLab   | Identified the +8 plate armour of Resilience {-Tele ^Drain
                  | rN+++ SInv}
 50111 | Elf:2    | Bought a scroll of enchant armour for 120 gold pieces
 50111 | Elf:2    | Bought a scroll of enchant weapon for 120 gold pieces
 50111 | Elf:2    | Bought a scroll of fear for 64 gold pieces
 50111 | Elf:2    | Bought a scroll of fog for 64 gold pieces
 50278 | Elf:2    | Found a runed translucent gate.
 50278 | Elf:2    | Found a runed translucent gate.
 50283 | Elf:2    | Found a runed translucent gate.
 50830 | Elf:2    | Found Udwonk's General Store.
 50847 | Elf:2    | Bought a scroll of brand weapon for 161 gold pieces
 50989 | Elf:2    | Found Lalues's Assorted Antiques.
 51007 | Elf:2    | Bought a heavily runed bone ring for 160 gold pieces
 51007 | Elf:2    | Identified the ring of Wutt {rF+ Will+ Str+3 Int-3 Dex+3}
                  | (You bought it in a shop on level 2 of the Elven Halls)
 51007 | Elf:2    | Bought a potion of haste for 320 gold pieces
 51007 | Elf:2    | Bought a scroll of teleportation for 96 gold pieces
 51007 | Elf:2    | Bought 2 potions of cancellation for 512 gold pieces
 51084 | Elf:2    | Found Kalov's Book Shoppe.
 51090 | Elf:2    | Bought a book of the Spheres for 640 gold pieces
 51098 | Elf:2    | Learned a level 7 spell: Orb of Destruction
 51129 | Elf:3    | Entered Level 3 of the Elven Halls
 51408 | Elf:3    | Found Kosapn's Antique Weapon Shoppe.
 52402 | Elf:3    | Identified the ring "Vango" {AC+4 SInv}
 53152 | Elf:3    | Reached XP level 19. HP: 133/168 MP: 45/47
 53275 | Elf:3    | Identified the +3 quarterstaff of Peace {freeze, *Slow Fly
                  | Dex+5 Stlth+}
 53444 | Elf:3    | Got the Catalogue of Conflagration and Correspondence
 53449 | Elf:3    | Identified the staff of Danwusaw {rF+ Str+2 SInv Stlth-
                  | Conj Tloc}
 53456 | Elf:3    | Got Tyjum's Discursus on Beguiling and the Shot
 53469 | Elf:3    | Identified the +5 arbalest of Gallantry {heavy, Int+4}
 54424 | D:14     | Found a gate to the Vaults.
 54558 | D:14     | Noticed Agnes
 54562 | D:14     | Killed Agnes
 55264 | D:14     | Killed Roxanne
 55307 | D:15     | Entered Level 15 of the Dungeon
 55373 | D:15     | Found a staircase to the Depths.
 55593 | D:15     | Noticed Louise
 55600 | D:15     | Killed Louise
 56102 | Depths:1 | Entered Level 1 of the Depths
 56102 | Depths:1 | Found a transporter.
 56102 | Depths:1 | Found Kixkuc's Weapon Shop.
 56137 | Depths:1 | Found a one-way gate to the infinite horrors of the Abyss.
 56178 | Depths:1 | Noticed Soesill's ghost (adept DgCj)
 56178 | Depths:1 | Identified the ring of Tuam {Will++ AC+4 Stlth+}
 56179 | Depths:1 | Noticed a dread lich
 56215 | Depths:1 | Found a transporter.
 56268 | Depths:1 | Reached skill level 15 in Fighting
 56652 | Depths:1 | Found a one-way gate to the infinite horrors of the Abyss.
 57438 | Depths:1 | Found a gateway to Hell.
 57989 | Depths:2 | Reached skill level 15 in Air Magic
 58203 | Depths:2 | Noticed Bai Suzhen
 58491 | Depths:1 | Learned a level 6 spell: Conjure Ball Lightning
 58513 | Depths:2 | Killed Bai Suzhen
 58521 | Depths:2 | Noticed Vv
 58638 | Depths:2 | Found a one-way gate leading to the halls of Pandemonium.
 58776 | Depths:2 | Killed Vv
 58924 | Depths:2 | Noticed a caustic shrike
 58930 | Depths:2 | Killed a caustic shrike
 59378 | Depths:2 | Reached XP level 20. HP: 178/178 MP: 31/48
 59922 | Depths:3 | Found Muvuamaott's Book Boutique.
 59930 | Depths:3 | Bought a book of Spectacle for 864 gold pieces
 59939 | Depths:3 | Learned a level 8 spell: Maxwell's Capacitive Coupling
 60453 | Depths:3 | Noticed Jory
 60460 | Depths:3 | Killed Jory
 61115 | Depths:3 | Found the +0 mask of the Dragon {Will+ Slay+3 SInv}
 61328 | Depths:3 | Found a one-way gateway to a ziggurat.
 61696 | Depths:3 | Identified the +4 short sword of the End {freeze, *Slow
                  | Will+++ Str+4 Int-3}
 62121 | Depths:4 | Entered Level 4 of the Depths
 62642 | Depths:4 | Noticed a bone dragon
 62651 | Depths:4 | Killed a bone dragon
 63022 | Depths:4 | Noticed a caustic shrike
 63024 | Depths:4 | Killed a caustic shrike
 63026 | Depths:4 | Noticed a caustic shrike
 63029 | Depths:4 | Noticed a caustic shrike
 63029 | Depths:4 | Noticed a caustic shrike
 63030 | Depths:4 | Killed a caustic shrike
 63034 | Depths:4 | Killed a caustic shrike
 63037 | Depths:4 | Killed a caustic shrike
 63308 | Depths:4 | Found a gate to the Realm of Zot.
 63879 | Vaults:1 | Entered Level 1 of the Vaults
 64669 | Vaults:1 | Reached XP level 21. HP: 130/184 MP: 9/49
 65121 | Vaults:1 | Noticed Zenata
 65132 | Vaults:1 | Killed Zenata
 66630 | Vaults:2 | Found a crumbling gateway.
 66666 | Desolati | Entered the Desolation of Salt
 67126 | Desolati | Identified the +0 sling "Emaded" {heavy, *Slow rElec rF+
                  | Dex+3}
 67128 | Desolati | Identified the orb of Understanding {*Rage, rC+ Int+6}
 67150 | Desolati | Got the Secrets of the Escort and Metal
 68024 | Desolati | Identified the ring "Omubumn" {Fire rCorr Int+3 Stlth+}
 68029 | Desolati | Identified the ring of the Slimy Fig {rPois rC+ rN+}
 68098 | Desolati | Identified the +5 arbalest of Delightful Subterfuge {drain,
                  | rPois rN+++ Will- Str-4}
 68098 | Desolati | Identified the ring "Mezoif" {rCorr EV+5 Dex+4}
 68117 | Desolati | Identified the ring "Uxteskour" {rElec rC- Will+++ EV+5
                  | Str+2}
 68124 | Desolati | HP: 4/170 [saltling (10)]
 68151 | Desolati | Killed from afar by a ragged hierophant

Illustrated notes

Levels and vault maps discovered:
D:1:      noname_arrival_rooms_in_the_neighbourhood, layout_rooms, serial_shops,
          shop, nicolae_shop_back_alley_shop, shop, shop, st_stairs_10
D:2:      layout_loops_cross, basic_altar, minmay_pentomino_z2, uniq_sigmund
D:3:      layout_loops_cross
D:4:      layout_cave_pools
D:5:      layout_loops_ring, minmay_temple_entry_antechambers,
          amcnicky_mini_rare_corridor_liquid
D:6:      layout_cave_pods
D:7:      layout_loops_corners, fedhas_altar_1,
          mainiacjoe_overflow_surrounded_room,
          mainiacjoe_ossuary_entry_find_the_door, uniq_joseph
D:8:      layout_basic, dreamdust_wishing_well, minmay_joined_circles,
          uniq_amaemon
D:9:      layout_roguey, elyvilon_altar_5, lair_entry_dummy, uniq_maggie
D:10:     layout_gridville, mainiacjoe_overflow_alcove_4, amcnicky_altar_gilded,
          nicolae_uskayaw_dance_hall, general_overflow_altar,
          kennysheep_mini_moat, ploomutoo_gammafunk_ghost_potion_laboratory,
          minmay_lizard_king, uniq_fannar
D:11:     layout_stronghold, portal_ice_cave_demonic_guard
D:12:     layout_big_octagon, orc_0_dummy, okawaru_trees_2, uniq_josephine
D:13:     minmay_dotted_concentric_squares, layout_cave_pools
D:14:     layout_loops_ring, ximxim_vaults_locker_room, uniq_roxanne, uniq_agnes
D:15:     grunt_enter_depths_giant_problem, layout_stronghold,
          nicolae_dithmenos_shadow_blocks, uniq_louise
Temple:   compressed_dpeg_circular_temple
Lair:1:   layout_gridlike, infiniplex_staircase_pool_2, lemuel_fruit_tree,
          grunt_megastairs_5
Lair:2:   layout_gridlike, elwin_shoals_entry_stream, nicolae_lair_liquid_snakes
Lair:3:   layout_misc_corridors, hellmonk_spider_entry_life_and_decay
Lair:4:   beargit_carnivore_pack, layout_misc_corridors, serial_bayou_shore_a
Lair:5:   evilmike_catoblepas_cave, layout_gridlike, slime_entry_1
Shoals:1: layout_shoals, hellmonk_ghost_happy_afterlife
Shoals:2: layout_shoals, st_sunken_temple
Shoals:3: layout_shoals, nicolae_shoals_so_close, uniq_polyphemus
Shoals:4: shoals_end_hellmonk_holy_island, serial_shops
Spider:1: layout_chambers, nicolae_spider_rock_and_or_roll, uniq_nikola,
          uniq_asterion, uniq_aizul
Spider:2: layout_spider_delve, beargit_elvish_explorers
Spider:3: layout_spider_delve, uniq_mlioglotl
Spider:4: hellmonk_spider_rune_bug_friends
Orc:1:    layout_caves
Orc:2:    st_orc_rangers, layout_diamond_mine, gammafunk_ghost_wrathful_warriors
Elf:1:    elf_arrival_001, layout_gridlike, minmay_elf_annihilation,
          minmay_the_grid_square_5x5_3x3_mashed
          [minmay_the_grid_square_5x5_inset, minmay_the_grid_square_5x5_fat_x,
          minmay_the_grid_square_5x5_bite, minmay_the_grid_square_5x5_bracketed,
          minmay_the_grid_square_5x5_megaprize_hollow,
          minmay_the_grid_square_5x5_intrusive_squares,
          minmay_the_grid_square_5x5_eight_small,
          minmay_the_grid_square_5x5_shrine1,
          minmay_the_grid_square_5x5_one_wall]
Elf:2:    nicolae_elf_blades_crystal_corner, layout_gridlike, serial_shops,
          nicolae_book_shop_shelving, nicolae_shop_advertising_works
          [nicolae_subvault_shop_adworks], shop,
          nicolae_shop_overgrown_old_shop, nicolae_shop_just_a_little_nook,
          infiniplex_enter_wizlab_spiral, uniq_jorgrun
Elf:3:    minmay_elf_hall_not_hex, layout_geoelf_castle, serial_shops, shop
Vaults:1: vaults_dpeg_emergency_exit, hangedman_vaults_restitches,
          nicolae_vaults_octagons, nicolae_vaults_house_1,
          nicolae_vaults_big_ls, vaults_room_corners,
          layout_vaults_chaotic_city, uniq_zenata
Vaults:2: portal_desolation_entry_salt, nicolae_vaults_sealed_display,
          nicolae_vaults_little_squares_2, hangedman_vaults_stagger,
          nicolae_vaults_gold_heap, nicolae_vaults_closet_pinwheel_1,
          layout_vaults_quadrants, serial_shops, shop
Depths:1: layout_basic, hangedman_abyss_or_decor_jellyfish_corner, abyss_entry,
          serial_shops, shop, hell_entry, gammafunk_ghost_abyssal_escape,
          hangedman_decor_push, kennysheep_generic_room_7
Depths:2: minmay_triangles_in_corner, layout_cave_pools, patterned_corridor,
          pan_entry, hangedman_coc_ice_floe, chei_slow_surprise,
          infiniplex_staircase_pool_lava, uniq_vv, uniq_bai_suzhen,
          uniq_josephina
Depths:3: minmay_tri_stars, layout_twisted_cross, ziggurat_fallback,
          rand_demon_pan_entry_3, minmay_misc_feat_columns,
          abyss_entry_flame_altar, serial_shops, shop, grunt_mini_vestibule,
          uniq_jory
Depths:4: grunt_twist_and_shout, layout_small_grid, abyss_entry,
          grunt_hell_entry_dis_mu, lemuel_statue_altar
Desolation

Skill      XL: |  1  2  3  4  5  6  7  8  9 10 11 12 13 14 15 16 17 18 19 20 21 |
---------------+----------------------------------------------------------------+-----
Spellcasting   | 2 3 5 7 8 9 11 12 13 14 15 16 17 18 | 18.8
Dodging        | 2 3 4 5 6 7 9 10 11 12 | 12.8
Stealth        | 2 3 |  3.0
Conjurations   | 4 5 6 7 8 10 11 12 13 15 16 17 18 19 | 19.0
Fighting       | 1 2 3 4 5 6 7 9 10 11 12 13 14 15 | 15.6
Air Magic      | 4 7 9 11 16 18 19 | 19.0

Action                     |  1- 3 |  4- 6 |  7- 9 | 10-12 | 13-15 | 16-18 | 19-21 || total
---------------------------+-------+-------+-------+-------+-------+-------+-------++-------
  Melee: Dagger            |    14 |    11 |       |    29 |    87 |     4 |     5 ||   150
         Staff             |       |       |    49 |    51 |    31 |    26 |    20 ||   177
         Punch             |       |       |     1 |     1 |     3 |       |       ||     5
  Throw: Throwing net      |       |       |       |       |       |     3 |       ||     3
   Cast: Magic Dart        |    83 |   122 |    67 |    38 |    43 |     1 |       ||   354
         Searing Ray       |     5 |     5 |    69 |    90 |   100 |       |       ||   269
         Hailstorm         |       |       |    25 |   133 |   459 |    93 |     8 ||   718
         Iskenderun's Myst |       |       |       |   106 |   200 |   254 |   166 ||   726
         Blink             |       |       |       |       |     1 |     7 |     1 ||     9
         Airstrike         |       |       |       |       |   170 |   779 |     8 ||   957
         Fulminant Prism   |       |       |       |       |     5 |    13 |    12 ||    30
         Sublimation of Bl |       |       |       |       |       |    44 |    23 ||    67
         Summon Lightning  |       |       |       |       |       |    17 |       ||    17
         Irradiate         |       |       |       |       |       |    12 |    12 ||    24
         Orb of Destructio |       |       |       |       |       |    80 |   646 ||   726
  Evoke: Wand              |       |       |     2 |     2 |       |     7 |       ||    11
    Use: Potion            |     1 |       |       |     3 |    12 |    19 |     3 ||    38
         Scroll            |       |    12 |    11 |    12 |    11 |    19 |    16 ||    81
 Armour: Robe              |    12 |    26 |   130 |       |       |       |       ||   168
         Steam dragon scal |       |       |     7 |   262 |   572 |   375 |   230 ||  1446
  Dodge: Dodged            |    20 |    11 |   128 |   186 |   489 |   254 |   169 ||  1257
  Block: Buckler           |       |       |       |       |     7 |    27 |       ||    34
